Map: Dédale EC

Players

GUESH - Winner!

  • Race: Zerg Zerg
  • League: Diamond
  • Spawn Location: 7:00

HoldTheDoor

  • Race: Protoss Protoss
  • League: Diamond
  • Spawn Location: 1:00

VOD

Have the link to the VOD?

Description

Time

  • Played on: July 14, 2018, 1:39 p.m.
  • Length: 4:35
Show
View Real Time Build Order
Export as new Build Order

GUESH Zerg - Winner!

Build Orders: Hatch First 

Get SALT Encoding   

  12  0:01  Drone  
  13  0:13  Overlord  
  13  0:19  Drone  
  14  0:31  Drone x2  
  14  0:35  Drone  
  17  0:55  Hatchery  
  16  1:08  Spawning Pool  
  15  1:17  Extractor  
  14  1:22  Drone x3  
  17  1:42  Drone  
  18  1:50  Extractor  
  18  1:52  Hatchery  
  16  2:05  Queen  
  16  2:08  Roach Warren  
  18  2:09  Spine Crawler  
  18  2:13  Drone  
  18  2:14  Drone x2  
  20  2:24  Overlord  
  20  2:41  Queen  
  22  3:04  Roach, Queen  
  26  3:11  Overlord  
  26  3:22  Roach  
  26  3:25  Roach x2  
  34  3:34  Roach  
  34  3:43  Ravager x2  
  36  3:54  Ravager  
  36  3:55  Zergling x4  
  36  4:21  Drone x3  
Show
View Real Time Build Order
Export as new Build Order

HoldTheDoor Protoss 

Build Orders:  

Get SALT Encoding   

  12  0:00  Probe  
  13  0:12  Probe  
  14  0:18  Pylon  
  14  0:25  Probe  
  15  0:35  Probe  
  15  0:38  Forge  
  16  0:43  Probe  
  17  0:51  Probe  
  18  1:02  Pylon  
  18  1:03  Probe  
  19  1:15  Probe  
  19  1:17  Pylon  
  20  1:24  Photon Cannon  
  20  1:29  Gateway  
  20  1:35  Gateway  
  20  1:44  Photon Cannon  
  20  1:50  Pylon  
  20  2:03  Probe  
  20  2:04  Assimilator  
  20  2:05  Assimilator  
  21  2:11  Probe  
  22  2:21  Probe  
  22  2:28  Cybernetics Core  
  23  2:31  Zealot  
  25  2:39  Probe, Gateway  
  26  2:51  Probe  
  27  2:58  Photon Cannon  
  27  3:01  Adept  
  27  3:03  Probe  
  30  3:13  Robotics Facility  
  30  3:15  Probe  
  30  3:17  Adept  
  31  3:24  Adept  
  35  3:39  Probe  
  36  3:44  Adept  
  38  3:51  Stalker  
  40  3:57  Probe  
Tags
 
Add a new tag
Caveats
  • Supply blocks, unpowered buildings, or Contaminate may cause inaccurate times.
  • Supply counts are checked every 10 seconds.